 Dungeon Crawl Stone Soup version 0.30-a0-719-gcc4359ea44 (webtiles) character file.

Game seed: 9983478225481075701

69162 gelatine the Arsonist (level 14, -1/103 HPs)
             Began as a Demonspawn Fire Elementalist on Jan 27, 2023.
             Was the Champion of Vehumet.
             Succumbed to a black mamba's poison
             ... on level 1 of the Snake Pit.
             The game lasted 01:24:11 (18574 turns).

gelatine the Arsonist (DsFE)                       Turns: 18574, Time: 01:24:12

Health: -1/103     AC: 13    Str: 10    XL:     14   Next: 89%
Magic:  1/36       EV: 13    Int: 20    God:    Vehumet [******]
Gold:   2058       SH: 11    Dex: 14    Spells: 7/31 levels left

rFire   + + .      SeeInvis +    S - +2 quick blade (venom)
rCold   + + .      Faith    .    I - +2 shield of Resistance {rF++ rC++ Will++}
rNeg    . . .      Spirit   +    N - +0 troll leather armour
rPois   +          Reflect  .    C - +1 helmet {SInv}
rElec   .          Harm     .    (cloak unavailable)
rCorr   .          Rampage  .    x - +2 pair of gloves
Will    +++..                    O - +1 pair of boots {Stlth+}
Stlth   +++                      e - amulet of magic regeneration
HPRegen 1.17/turn                X - ring of magical power
MPRegen 0.90/turn                Q - ring of poison resistance

@: lethally poisoned (-1 -> -11), slowed, very slow
A: powered by death 1, magic shield, magic regeneration, sturdy frame 1,
weakness stinger 3
a: Renounce Religion


You were on level 1 of the Snake Pit.
You worshipped Vehumet.
Vehumet was exalted by your worship.
You visited 5 branches of the dungeon, and saw 20 of its levels.
You also visited: Ossuary.

You collected 2298 gold pieces.
You spent 240 gold pieces at shops.

Inventory:

Hand Weapons
 S - a +2 quick blade of venom (weapon)
Missiles
 D - 2 curare-tipped darts
 M - 5 silver boomerangs
 V - 2 throwing nets
 Y - 3 datura-tipped darts
Armour
 l - +0 acid dragon scales
 t - a +2 helmet
 x - a +2 pair of gloves (worn)
 C - a +1 helmet of see invisible (worn)
 I - the +2 shield of Resistance (worn) {rF++ rC++ Will++}
   (You found it on level 10 of the Dungeon)

   rF:        It greatly protects you from fire.
   rC:        It greatly protects you from cold.
   Will:      It greatly increases your willpower.
 J - +0 steam dragon scales
 N - a +0 troll leather armour (worn)
 O - a +1 pair of boots of stealth (worn)
 U - +0 fire dragon scales
Magical Staves
 W - a staff of fire
Jewellery
 e - an amulet of magic regeneration (around neck)
 j - a ring of ice
 o - a ring of willpower
 G - the amulet "Poxtub" {Will+ Regen+}
   (You found it on level 7 of the Dungeon)

   [amulet of regeneration]

   Regen:     It increases your rate of health regeneration.
   Will:      It increases your willpower.
 Q - a ring of poison resistance (right hand)
 X - a ring of magical power (left hand)
Wands
 m - a wand of digging (6)
 u - a wand of mindburst (9)
 y - a wand of quicksilver (13)
 E - a wand of iceblast (17)
 K - a wand of charming (13)
Scrolls
 a - a scroll of brand weapon
 c - a scroll of noise
 f - 2 scrolls of torment
 g - 4 scrolls of fog
 k - 2 scrolls of blinking
 n - a scroll of fear
 p - 6 scrolls of immolation
 r - 11 scrolls of teleportation
 s - 2 scrolls of poison
 v - 6 scrolls of vulnerability
 R - 2 scrolls of magic mapping
 T - 2 scrolls of acquirement
 Z - a scroll of identify
Potions
 b - 2 potions of magic
 d - 9 potions of curing
 h - 5 potions of haste
 i - a potion of resistance
 q - 4 potions of lignification
 w - 3 potions of might
 z - a potion of cancellation
 A - a potion of mutation
 F - 2 potions of flight
 H - 4 potions of attraction
 L - a potion of ambrosia
Miscellaneous
 B - a condenser vane
 P - a box of beasts


   Skills:
 * Level 7.5 Fighting
 * Level 7.3 Short Blades
 * Level 7.6 Armour
 * Level 7.5 Dodging
 + Level 2.9 Stealth
 * Level 5.2 Shields
 + Level 0.3 Unarmed Combat
 + Level 9.0 Spellcasting
 * Level 9.6 Conjurations
 * Level 6.3 Hexes
 + Level 3.1 Necromancy
 * Level 5.1 Translocations
 * Level 11.9 Fire Magic
 + Level 4.0 Evocations


You had 7 spell levels left.
You knew the following spells:

 Your Spells              Type           Power      Damage    Failure   Level
a - Foxfire               Conj/Fire      100%       2x1d9     1%          1
b - Scorch                Fire           100%       2d10      1%          2
c - Dazzling Flash        Conj/Hex       82%        N/A       1%          3
d - Flame Wave            Conj/Fire      51%        2d13      1%          4
e - Inner Flame           Hex/Fire       45%        N/A       1%          3
f - Blink                 Tloc           58%        N/A       4%          2
g - Ignite Poison         Fire/Tmut/Pois 25%        N/A       3%          3
h - Starburst             Conj/Fire      25%        6d8       11%         6

Your spell library contained the following spells:

 Spells                   Type           Power      Damage    Failure   Level
 Lee's Rapid Deconstruct  Erth           4%         3d5*      80%         5
 Momentum Strike          Conj/Tloc      76%        3d10      1%          2
 Kindle Blastsparks       Fire/Tloc/Air  62%        2d15      1%          3
 Iskenderun's Mystic Bla  Conj/Tloc      38%        2d9       3%          4
 Lesser Beckoning         Tloc           58%        N/A       4%          2
 Manifold Assault         Tloc           29%        N/A       26%         4
 Dispersal                Tloc           14%        N/A       99%         6
 Disjunction              Tloc           14%        N/A       100%        8


Dungeon Overview and Level Annotations

Branches:
Dungeon (11/15)            Temple (1/1) D:5            Lair (5/5) D:11
  Swamp (0/4) Lair:2        Snake (1/4) Lair:2        Slime (0/5) Lair:4
    Orc (2/2) D:11            Elf (0/3) Orc:2       Ossuary (visited)

Altars:
Ashenzari
Cheibriados
Dithmenos
Fedhas
Gozag
Hepliaklqana
Kikubaaqudgha
Makhleb
Nemelex Xobeh
Okawaru
Qazlal
Ru
Sif Muna
Trog
Uskayaw
Vehumet
Wu Jian
Xom
Yredelemnul
Jiyva

Shops:
D:10 [   Orc:2 (**(=


Innate Abilities, Weirdness & Mutations

You regenerate a little health from kills.
When hurt, damage is shared between your health and your magic reserves.
You regenerate magic rapidly.
Your movements are slightly less encumbered by armour. (ER -2)
You have a sharp stinger which inflicts weakening toxins.


Message History

The black mamba bites you.
The naga mage points at the black mamba and mumbles some strange words.
The black mamba seems to grow toxic.
The black mamba bites you but does no damage.
The black mamba misses you. The black mamba bites you!
* * * LOW HITPOINT WARNING * * *
The naga mage spits poison at you. You block the splash of poison.
A wave of flame ripples out!
The flame wave engulfs the black mamba!
The black mamba is almost dead.
The flame wave engulfs the black mamba!
The black mamba is almost dead.
The flame wave engulfs the naga mage!
The naga mage is heavily wounded.
The flame wave engulfs the black mamba!!
The black mamba is almost dead.
You feel sick.
You are no longer poisoned.
The black mamba closely misses you.
The black mamba bites you but does no damage.
The black mamba closely misses you.
The black mamba bites you but does no damage.
A naga comes into view. It is wielding a +0 short sword.
The black mamba bites you but does no damage.
The black mamba bites you!
* * * LOW HITPOINT WARNING * * *
You are poisoned.
The black mamba poisons you! The naga mage hits you with a +0 flail!
* * * LOW HITPOINT WARNING * * *
The naga mage grabs you. The naga mage constricts you.
* * * LOW HITPOINT WARNING * * *
The black mamba bites you.
* * * LOW HITPOINT WARNING * * *
You block the black mamba's attack. x2; The naga moves out of view.
A naga sharpshooter comes into view. It is wielding a +0 long sword.
Blink to where?
Press: ? - help, Q - select action, (/) - cycle Dir - move target You escape the naga mage's grasp.
As you read the scroll of blinking, it crumbles to dust.
You die...

....^.###
........###
..........##
...........#
...........#
...........##
.......$....#
......)SN...#
)....))§S.†@#
........S....#
..............N
.................
......^.#........#
.......##........#
......# ........##
.....# #........#


You could see a naga sharpshooter, 3 black mambas and a naga mage (catching
breath).

Vanquished Creatures
  A fire dragon (Lair:4)
  2 hydras
  5 catoblepae
  A boulder beetle (Lair:4)
  A two-headed ogre (Orc:2)
  A ghost crab (Lair:2)
  5 orc high priests (Orc:2)
  21 death yaks
  Amaemon (Lair:3)
  2 lindwurms
  Pikel (D:6)
  An orc knight (Orc:1)
  3 orc sorcerers (Orc:2)
  11 elephants
  2 manticores (Lair:5)
  A salamander (Snake:1)
  3 naga magi (Snake:1)
  12 black mambas
  An orange demon (Lair:3)
  A gargoyle (D:11)
  A torpor snail (Lair:3)
  Maggie (D:9)
  11 cane toads
  An unseen horror (D:10)
  A kobold demonologist (D:11)
  3 rime drakes
  7 komodo dragons
  A queen bee (D:9)
  3 trolls
  A polar bear (Lair:5)
  12 blink frogs
  Prince Ribbit (D:7)
  A shadow (D:11)
  57 yaks
  6 basilisks
  6 wyverns
  2 steam dragons (D:8)
  Grum (D:11)
  Menkaure (D:5)
  2 vampire mosquitoes (D:11)
  A spectral cane toad (Lair:2)
  4 acid dragons
  A warg (Orc:2)
  3 nagas (Lair:2)
  16 water moccasins
  2 black bears
  An ice beast (D:7)
  25 orc warriors
  A sky beast (D:6)
  12 wolves
  3 ogres
  6 centaurs
  A phantom (D:4)
  5 kobold brigands
  A lemure (D:6)
  3 elf zombies
  17 bullfrogs
  A necrophage (D:6)
  2 elf skeletons (D:4)
  23 killer bees
  2 electric eels (Lair:3)
  3 vampire bats (Lair:5)
  3 howler monkeys
  A jelly (D:5)
  2 centaur zombies (Ossuary)
  A human zombie (Ossuary)
  A hound (D:5)
  A gnoll bouda (D:9)
  34 orc priests
  2 iguanas
  34 orc wizards
  2 human skeletons (D:4)
  6 hell rats (Lair:3)
  2 mummies (Ossuary)
  9 gnolls
  6 adders
  A shadow imp (D:5)
  A white imp (D:7)
  4 ufetubi
  An adder zombie (Ossuary)
  4 worms
  3 dart slugs
  67 orcs
  5 ball pythons
  14 bats
  5 endoplasms
  4 giant cockroaches
  13 hobgoblins
  2 jackals (D:2)
  2 quokkas
  4 frilled lizards
  7 goblins
  A goblin zombie (Ossuary)
  13 hobgoblin zombies (Ossuary)
  A jackal zombie (Ossuary)
  31 kobolds
  9 kobold zombies (Ossuary)
  An orc skeleton (D:4)
  5 orc zombies (Ossuary)
  6 rats
  A rat zombie (Ossuary)
  A bush (Lair:2)
638 creatures vanquished.

Vanquished Creatures (collateral kills)
  35 foxfires
35 creatures vanquished.

Vanquished Creatures (others)
  An orc priest (Orc:2)
  An orc (D:8)
  1898 foxfires
  29 fungi
  62 plants
1991 creatures vanquished.

Grand Total: 2664 creatures vanquished

Notes
Turn   | Place    | Note
-------+----------+-------------------------------------------
     0 | D:1      | gelatine the Demonspawn Fire Elementalist began the quest
                  | for the Orb.
     0 | D:1      | Reached XP level 1. HP: 13/13 MP: 3/3
   311 | D:1      | Gained mutation: Your movements are slightly less
                  | encumbered by armour. (ER -2) [demonic ancestry]
   311 | D:1      | Reached XP level 2. HP: 19/19 MP: 5/5
   440 | D:1      | Reached skill level 3 in Fire Magic
  1028 | D:1      | Learned a level 2 spell: Scorch
  1195 | D:2      | Reached XP level 3. HP: 20/24 MP: 4/6
  1580 | D:2      | Gained mutation: You regenerate magic rapidly. [demonic
                  | ancestry]
  1580 | D:2      | Reached XP level 4. HP: 31/31 MP: 4/7
  2362 | D:3      | Reached skill level 1 in Fighting
  2377 | D:3      | Found a stormy altar of Qazlal.
  2431 | D:3      | Gained mutation: You have a small tail. [demonic ancestry]
  2431 | D:3      | Reached XP level 5. HP: 37/37 MP: 5/8
  2440 | D:3      | Reached skill level 1 in Armour
  2652 | D:3      | You fall into a shaft and drop 2 floors!
  2652 | D:5      | Entered Level 5 of the Dungeon
  2796 | D:4      | Noticed a +0 dagger
  2798 | D:4      | Noticed a +0 hand axe
  2852 | D:4      | Gained mutation: When hurt, damage is shared between your
                  | health and your magic reserves. [demonic ancestry]
  2852 | D:4      | Reached XP level 6. HP: 30/43 MP: 10/10
  2860 | D:4      | Found a sand-covered staircase.
  2895 | D:4      | Reached skill level 1 in Short Blades
  2924 | Ossuary  | Entered an ossuary
  3168 | Ossuary  | Reached skill level 4 in Fire Magic
  3168 | Ossuary  | Gained mutation: You have a tail ending in a sharp stinger.
                  | [demonic ancestry]
  3168 | Ossuary  | Reached XP level 7. HP: 28/50 MP: 2/11
  3480 | D:4      | Found a hide-covered altar of Uskayaw.
  3525 | D:4      | Found a radiant altar of Vehumet.
  3540 | D:4      | Became a worshipper of Vehumet
  4552 | D:5      | Found a staircase to the Ecumenical Temple.
  4567 | D:5      | Noticed Menkaure
  4575 | D:5      | Killed Menkaure
  4585 | Temple   | Entered the Ecumenical Temple
  4862 | D:5      | Gained mutation: You regenerate a little health from kills.
                  | [demonic ancestry]
  4862 | D:5      | Reached XP level 8. HP: 50/57 MP: 13/13
  5028 | D:5      | Reached skill level 5 in Fire Magic
  5549 | D:5      | Found a shimmering altar of Xom.
  5716 | D:6      | Found an iron altar of Okawaru.
  5788 | D:6      | Reached skill level 1 in Evocations
  6149 | D:6      | Noticed Pikel
  6188 | D:6      | Killed Pikel
  6189 | D:6      | Reached skill level 1 in Necromancy
  6189 | D:6      | Reached skill level 6 in Fire Magic
  6534 | D:6      | Reached XP level 9. HP: 64/64 MP: 13/15
  6779 | D:6      | Identified the +2 ring mail of Sin {Rampage rF- rC- rCorr}
  6913 | D:7      | Noticed Prince Ribbit
  6917 | D:7      | Killed Prince Ribbit
  6959 | D:7      | Reached * piety under Vehumet
  6959 | D:7      | Offered knowledge of Shock by Vehumet.
  7037 | D:7      | Identified the amulet "Poxtub" {Will+ Regen+}
  7174 | D:7      | Reached skill level 5 in Conjurations
  7546 | D:8      | Reached skill level 5 in Spellcasting
  7656 | D:8      | Reached skill level 7 in Fire Magic
  7814 | D:8      | Offered knowledge of Kiss of Death by Vehumet.
  7840 | D:8      | Reached ** piety under Vehumet
  7841 | D:8      | Reached XP level 10. HP: 16/71 MP: 1/17
  8255 | D:9      | Found a burning altar of Makhleb.
  8298 | D:9      | Noticed Maggie
  8310 | D:9      | Killed Maggie
  8497 | D:9      | Found a shadowy altar of Dithmenos.
  9146 | D:9      | Offered knowledge of Static Discharge by Vehumet.
  9456 | D:10     | Entered Level 10 of the Dungeon
  9468 | D:10     | Reached *** piety under Vehumet
  9530 | D:10     | Reached skill level 8 in Fire Magic
  9679 | D:10     | Reached skill level 5 in Dodging
  9689 | D:10     | Offered knowledge of Dazzling Flash by Vehumet.
  9694 | D:10     | Reached XP level 11. HP: 35/78 MP: 7/20
  9762 | D:10     | Found the +2 shield of Resistance {rF++ rC++ Will++}
  9886 | D:10     | Found Cor Gocs's Antique Armour Shop.
  9894 | D:10     | Bought a pair of glowing boots for 240 gold pieces
  9954 | D:10     | Learned a level 3 spell: Dazzling Flash
  9959 | D:10     | Learned a level 4 spell: Flame Wave
  9963 | D:10     | Learned a level 3 spell: Inner Flame
  9966 | D:10     | Learned a level 2 spell: Blink
 10192 | D:11     | Noticed Grum
 10216 | D:11     | Killed Grum
 10217 | D:11     | Reached skill level 1 in Hexes
 10370 | D:11     | Reached skill level 1 in Translocations
 10370 | D:11     | Found a staircase to the Orcish Mines.
 10409 | D:11     | Reached **** piety under Vehumet
 10473 | D:11     | Found a staircase to the Lair.
 10585 | D:11     | Reached skill level 5 in Armour
 10618 | D:11     | Reached skill level 5 in Short Blades
 10717 | D:11     | Offered knowledge of Ignite Poison by Vehumet.
 10722 | D:11     | Learned a level 3 spell: Ignite Poison
 11030 | D:11     | Reached skill level 9 in Fire Magic
 11032 | D:11     | Reached skill level 5 in Fighting
 11501 | Orc:1    | Entered Level 1 of the Orcish Mines
 11633 | Orc:2    | Entered Level 2 of the Orcish Mines
 11654 | Orc:1    | Reached skill level 1 in Shields
 11913 | Orc:2    | Noticed an orc knight
 12028 | Orc:1    | Reached ***** piety under Vehumet
 12028 | Orc:1    | Offered knowledge of Starburst by Vehumet.
 12036 | Orc:1    | Killed an orc knight
 12076 | Orc:2    | Found Niomi's Weapon Shoppe.
 12120 | Orc:2    | Found a staircase to the Elven Halls.
 12165 | Orc:2    | Noticed an orc sorcerer
 12174 | Orc:2    | Killed an orc sorcerer
 12185 | Orc:2    | Noticed an orc high priest
 12197 | Orc:2    | Reached XP level 12. HP: 66/86 MP: 18/22
 12197 | Orc:2    | Killed an orc high priest
 12210 | Orc:2    | Noticed an orc high priest
 12214 | Orc:2    | Noticed an orc high priest
 12216 | Orc:2    | Noticed an orc high priest
 12226 | Orc:2    | Killed an orc high priest
 12228 | Orc:2    | Killed an orc high priest
 12228 | Orc:2    | Killed an orc high priest
 12298 | Orc:2    | Found Faupuav's General Store.
 12298 | Orc:2    | Found Rilaaguc's Weapon Shoppe.
 12299 | Orc:2    | Found Kiorrod's Jewellery Shoppe.
 12303 | Orc:2    | Found Rarhiusch's General Store.
 12340 | Orc:2    | Noticed an orc high priest
 12354 | Orc:2    | Killed an orc high priest
 12663 | Orc:2    | Noticed a two-headed ogre
 12674 | Orc:2    | Killed a two-headed ogre
 12846 | Lair:1   | Entered Level 1 of the Lair of Beasts
 12853 | Lair:1   | Reached skill level 10 in Fire Magic
 12900 | Lair:1   | Noticed a catoblepas
 12973 | D:11     | Learned a level 6 spell: Starburst
 12987 | Lair:1   | Killed a catoblepas
 13610 | Lair:1   | Reached XP level 13. HP: 93/93 MP: 24/24
 13906 | Lair:2   | Found a staircase to the Snake Pit.
 14160 | Lair:2   | Reached ****** piety under Vehumet
 14300 | Lair:2   | Found a sparkling altar of Nemelex Xobeh.
 14344 | Lair:2   | Identified a scroll of acquirement
 14345 | Lair:2   | Acquired a +2 quick blade of venom
 14470 | Lair:2   | Found a staircase to the Swamp.
 14489 | Lair:2   | Offered knowledge of Sticky Flame by Vehumet.
 14756 | Lair:3   | Noticed Amaemon
 14775 | Lair:3   | Killed Amaemon
 15612 | Lair:3   | HP: 4/95 [death yak (17)]
 15759 | Lair:4   | Reached skill level 11 in Fire Magic
 15992 | Lair:4   | Reached skill level 5 in Hexes
 16250 | Lair:4   | Offered knowledge of Orb of Destruction by Vehumet.
 16251 | Lair:4   | Gained mutation: You have a sharp stinger which inflicts
                  | weakening toxins. [demonic ancestry]
 16251 | Lair:4   | Reached XP level 14. HP: 99/103 MP: 18/26
 16308 | Lair:4   | Found a staircase to the Slime Pits.
 16309 | Lair:4   | Found a viscous altar of Jiyva.
 16934 | Lair:5   | Entered Level 5 of the Lair of Beasts
 17710 | Lair:5   | Reached skill level 5 in Shields
 17726 | Lair:5   | Reached skill level 5 in Translocations
 18516 | Snake:1  | Entered Level 1 of the Snake Pit
 18522 | Snake:1  | Offered knowledge of Lee's Rapid Deconstruction by Vehumet.
 18573 | Snake:1  | HP: 5/103 [black mamba (3)]
 18574 | Snake:1  | Succumbed to a black mamba's poison

Illustrated notes

Levels and vault maps discovered:
D:1:      amcnicky_arrival_flooded_fountain, layout_basic,
          chequers_serial_rivers_micro_b, minmay_misc_feat_cross
D:2:      minmay_thinvault, layout_loops_cross, chequers_serial_rivers_small_a,
          fountainhead
D:3:      layout_basic, old_standard_altar, chequers_arboretum
D:4:      nicolae_cairo_tiling, layout_basic, vehumet_altar_wand_db,
          dancing_weapons_uskayaw, nicolae_ossuary_entry_catacombs,
          kennysheep_small_spiral
D:5:      layout_basic, kennysheep_mini_moat, minmay_temple_entry_ruins,
          uniq_menkaure
D:6:      layout_loops_corners, kennysheep_mini, uniq_pikel
D:7:      layout_cave_pools, grunt_ministairs_10,
          nicolae_concentric_dashed_squares_mild,
          corexii_item_surrounded_by_moat, uniq_prince_ribbit1
D:8:      layout_basic
D:9:      layout_irregular_city, nicolae_overflow_crystal_walls,
          mainiacjoe_overflow_concentric_impassable,
          nicolae_looking_at_the_future, uniq_maggie
D:10:     layout_cave_pools, mainiacjoe_overflow_chevrons, serial_shops,
          nicolae_shop_advertising_works [nicolae_subvault_shop_adworks]
D:11:     layout_basic, david_lair_generic, david_orc_2, uniq_grum
Temple:   minmay_temple_curvy_branch
Lair:1:   layout_chaotic_city
Lair:2:   layout_regular_city, nicolae_swamp_entry_spooky,
          minmay_snake_entry_guardpost_small, basic_altar,
          infiniplex_staircase_pool_2
Lair:3:   layout_chaotic_city, serial_bayou, serial_bayou_shore_a,
          serial_bayou_lagoon_a, serial_bayou_shore_b, serial_bayou_crossing,
          st_stairs_13, uniq_amaemon
Lair:4:   dragon1_lemuel, layout_regular_city, slime_entry_1,
          nzn_sisyphean_effort
Lair:5:   evilmike_catoblepas_cave, layout_loops_ring, bh_autumn_forest_stairs,
          roderic_batcave, serial_bayou_shore_b
Snake:1:  layout_cave_pods, uniq_mlioglotl
Orc:1:    layout_caves, minmay_orc_temple_a
Orc:2:    st_orc_mages, layout_diamond_mine, serial_shops,
          nicolae_shop_bloodbath_and_beyond, mines4_lemuel

Skill      XL: |  1  2  3  4  5  6  7  8  9 10 11 12 13 14 |
---------------+-------------------------------------------+-----
Fire Magic     | 3 4 6 7 8 9 10 11 | 11.9
Stealth        | 2 |  2.9
Conjurations   | 2 3 4 5 6 7 8 9 |  9.6
Dodging        | 2 3 4 5 6 7 |  7.5
Fighting       | 1 2 3 4 5 6 7 |  7.5
Armour         | 1 2 3 4 5 6 7 |  7.6
Short Blades   | 1 2 3 4 5 6 7 |  7.3
Spellcasting   | 3 4 5 6 7 8 9 |  9.0
Evocations     | 1 3 4 |  4.0
Necromancy     | 1 2 3 |  3.1
Hexes          | 2 3 5 6 |  6.3
Translocations | 2 3 4 5 |  5.1
Shields        | 1 3 4 5 |  5.2
Unarmed Combat | |  0.3

Action                     |  1- 3 |  4- 6 |  7- 9 | 10-12 | 13-15 || total
---------------------------+-------+-------+-------+-------+-------++-------
  Melee: Unarmed           |    18 |    14 |       |       |       ||    32
         Rapier            |       |    95 |    44 |       |       ||   139
         Tailslap          |       |    20 |    30 |    42 |   107 ||   199
         Punch             |       |     2 |     1 |     3 |       ||     6
         Dagger            |       |       |    84 |    13 |       ||    97
         Short sword       |       |       |       |   218 |    20 ||   238
         Quick blade       |       |       |       |       |   324 ||   324
   Cast: Foxfire           |   100 |   140 |   180 |   471 |   260 ||  1151
         Scorch            |       |    20 |    70 |   173 |   143 ||   406
         Flame Wave        |       |       |       |    32 |    44 ||    76
         Dazzling Flash    |       |       |       |    25 |    25 ||    50
         Starburst         |       |       |       |     4 |    19 ||    23
         Ignite Poison     |       |       |       |       |     1 ||     1
  Evoke: Wand              |       |       |       |     2 |     2 ||     4
    Use: Scroll            |       |     7 |     5 |    10 |    13 ||    35
         Potion            |       |       |     3 |     6 |     1 ||    10
   Stab: Sleeping          |       |       |     1 |       |       ||     1
         Petrified         |       |       |       |       |     7 ||     7
         Invisible         |       |       |       |       |     1 ||     1
 Armour: Robe              |     4 |       |       |       |       ||     4
         Leather armour    |     7 |    47 |    59 |    11 |       ||   124
         Steam dragon scal |       |       |       |    56 |       ||    56
         Troll leather arm |       |       |       |   131 |   151 ||   282
  Dodge: Dodged            |    24 |    84 |   122 |   321 |   273 ||   824
  Block: Kite shield       |       |       |       |   193 |   308 ||   501

Table legend: (Time is in decaauts)
 A = Elapsed time spent in this place.
 B = Non-inter-level travel time spent in this place.
 C = Inter-level travel time spent in this place.
 D = Time resting spent in this place.
 E = Time spent auto-exploring this place.
 F = Levels seen in this place.
 G = Mean time per level.
                   A        B        C        D        E       F      G
               +--------+--------+--------+--------+--------+-----+--------+
         Total |  18459 |  17522 |    937 |      0 |  13257 |  21 |  879.0 |
       Dungeon |  10816 |  10258 |    558 |      0 |   8106 |  11 |  983.3 |
        Temple |    249 |    246 |      3 |      0 |    243 |   1 |  249.0 |
          Lair |   5530 |   5181 |    349 |      0 |   3797 |   5 | 1106.0 |
     Snake Pit |     49 |     49 |      0 |      0 |      5 |   1 |   49.0 |
  Orcish Mines |   1262 |   1236 |     26 |      0 |    781 |   2 |  631.0 |
       Ossuary |    551 |    551 |      0 |      0 |    325 |   1 |  551.0 |
               +--------+--------+--------+--------+--------+-----+--------+

Top non-repeatable levels by time:
    D:11: 1448 daAuts
  Lair:5: 1425 daAuts
     D:9: 1227 daAuts
     D:4: 1163 daAuts
  Lair:4: 1144 daAuts
     D:6: 1142 daAuts
     D:2: 1099 daAuts
  Lair:3: 1096 daAuts
     D:1: 1057 daAuts
  Lair:2: 993 daAuts
     D:5: 948 daAuts
   Orc:2: 910 daAuts
  Lair:1: 870 daAuts
     D:8: 807 daAuts
    D:10: 716 daAuts
